[Event "82nd Italian Championship 2023"]
[Site "Brescia"]
[Date "2023.12.09"]
[Round "11.4"]
[White "Gilevych, Artem"]
[Black "David, Alberto"]
[Result "1-0"]
[ECO "E73"]
[WhiteElo "2416"]
[BlackElo "2532"]
[Annotator "RC"]
[PlyCount "71"]
[EventDate "2023.11.28"]
[EventType "tourn"]
[EventCountry "ITA"]
[SourceTitle "playchess.com"]
[Source "ChessBase"]
[SourceQuality "1"]
[TimeControl "40/6000+30:20/3000+30:900+30"]

1. d4 Nf6 2. c4 g6 3. Nc3 Bg7 4. e4 d6 5. Be2 O-O 6. Be3 Nc6 7. d5 Ne5 8. f4 Neg4 9. Bd2 Nh6 10. h3 e6 11. dxe6 fxe6 12. g4 b5 13. cxb5 Bb7 14. Qc2 d5 15. O-O-O dxe4 16. Bc4 Nd5 17. Nge2 a6 18. Qxe4 axb5 19. Qxe6+ Kh8 20. Bxd5 Re8 21. Qxe8+ Qxe8 22. Bxb7 Rb8 23. Bf3 b4 24. Nd5 Qa4 25. Kb1 Bxb2 26. Kxb2 Qa3+ 27. Ka1 Ra8 28. Ndc3 c6 29. Bc1 Qa6 30. Bb2 Kg8 31. Rd6 bxc3 32. Nxc3 Nf7 33. Rxc6 Qa7 34. Bd5 Rb8 35. Rf6 Qf2 36. Bb3 1-0

[Event "82nd Italian Championship 2023"]
[Site "Brescia"]
[Date "2023.12.09"]
[Round "11.5"]
[White "Sonis, Francesco"]
[Black "Iermito, Sebastian"]
[Result "1-0"]
[ECO "C75"]
[WhiteElo "2564"]
[BlackElo "2524"]
[Annotator "RC"]
[PlyCount "102"]
[EventDate "2023.11.28"]
[EventType "tourn"]
[EventCountry "ITA"]
[SourceTitle "playchess.com"]
[Source "ChessBase"]
[SourceQuality "1"]
[TimeControl "40/6000+30:20/3000+30:900+30"]

1. e4 e5 2. Nf3 Nc6 3. Bb5 a6 4. Ba4 d6 5. O-O Bd7 6. c3 Nge7 7. d4 Ng6 8. Re1 Be7 9. h3 O-O 10. d5 Nb8 11. Bc2 f5 12. exf5 Bxf5 13. Bxf5 Rxf5 14. Nbd2 Nd7 15. Ne4 Qf8 16. Be3 Nf4 17. Ng3 Rf7 18. Bxf4 Rxf4 19. Re4 Nc5 20. Rxf4 Qxf4 21. Qe2 e4 22. Nd2 e3 23. Qxe3 Qxe3 24. fxe3 Bg5 25. Ndf1 Re8 26. Re1 Re5 27. e4 Nd3 28. Re2 Nc1 29. Rc2 Nxa2 30. h4 Bf4 31. Ne2 Rxe4 32. Nxf4 Rxf4 33. b3 Nxc3 34. Rxc3 Rxh4 35. Rxc7 Rb4 36. Ne3 Rxb3 37. Nf5 g6 38. Nxd6 Rd3 39. Ne4 Kf8 40. d6 Rd4 41. Rxh7 Rxe4 42. Rh8+ Kg7 43. d7 Kxh8 44. d8=Q+ Kg7 45. Qc7+ Kf6 46. Qxb7 Re6 47. Kf2 Kg5 48. Qd5+ Kf6 49. Kf3 Re7 50. Kf4 Re6 51. Qd4+ Kf7 1-0

[Event "82nd Italian Championship 2023"]
[Site "Brescia"]
[Date "2023.12.09"]
[Round "11.6"]
[White "Moroni, Luca Jr"]
[Black "Carnicelli, Valerio"]
[Result "1-0"]
[ECO "A05"]
[WhiteElo "2575"]
[BlackElo "2423"]
[Annotator "RC"]
[PlyCount "97"]
[EventDate "2023.11.28"]
[EventType "tourn"]
[EventCountry "ITA"]
[SourceTitle "playchess.com"]
[Source "ChessBase"]
[SourceQuality "1"]
[TimeControl "40/6000+30:20/3000+30:900+30"]

1. Nf3 Nf6 2. g3 g6 3. b3 Bg7 4. Bb2 O-O 5. Bg2 a5 6. c4 d6 7. d4 a4 8. Nbd2 c5 9. O-O Nc6 10. d5 Na5 11. e4 e6 12. dxe6 Bxe6 13. Re1 Re8 14. Bc3 h6 15. Qc1 Nd7 16. Bxg7 Kxg7 17. Qc3+ f6 18. b4 Nc6 19. b5 Nce5 20. Nxe5 dxe5 21. Nf1 Qa5 22. Rac1 Nb6 23. Qxa5 Rxa5 24. Ne3 Rd8 25. Nd5 Nc8 26. f4 a3 27. Nc7 Bg4 28. h3 Rd7 29. b6 Nxb6 30. Nd5 Be6 31. Nxb6 Rd2 32. Ra1 Rb2 33. Reb1 Ra6 34. Nd5 Ra4 35. Rxb2 axb2 36. Rb1 Rxa2 37. Kf2 exf4 38. gxf4 g5 39. f5 Bf7 40. Bf1 h5 41. Bd3 h4 42. Ke3 Bh5 43. Nc3 Ra1 44. Rxb2 Rh1 45. Rxb7+ Kh6 46. Nd5 Rxh3+ 47. Kd2 Rh2+ 48. Kc3 g4 49. Nxf6 1-0